 Dungeon Crawl Stone Soup version 0.30-a0-743-gbfdf073431 (webtiles) character file.

Game seed: 12078989391750101888

100 hikkokomori the Trooper (level 4, -3/37 HPs)
             Began as a Demonspawn Fighter on Feb 8, 2023.
             Slain by an ogre
             ... wielding a +0 giant club
              (22 damage)
             ... on level 3 of the Dungeon.
             The game lasted 00:02:33 (1578 turns).

hikkokomori the Trooper (Demonspawn Fighter)        Turns: 1578, Time: 00:02:34

Health: -3/37      AC:  6    Str: 18    XL:     4   Next: 46%
Magic:  4/4        EV: 12    Int: 10    God:
Gold:   95         SH:  8    Dex: 12    Spells: 3/3 levels left

rFire   . . .      SeeInvis .    a - +0 trident
rCold   . . .      Faith    .    c - +0 buckler
rNeg    . . .      Spirit   .    b - +0 scale mail
rPois   .          Reflect  .    (no helmet)
rElec   .          Harm     .    (no cloak)
rCorr   .          Rampage  .    (no gloves)
Will    .....                    (no boots) Stlth
                                 (no amulet)
HPRegen 0.26/turn                (no ring)
MPRegen 0.09/turn                (no ring)

@: about to teleport, weak-willed
A: repulsion field 2, condensation shield
a: no special abilities


You were on level 3 of the Dungeon.
You visited 1 branch of the dungeon, and saw 3 of its levels.

You collected 95 gold pieces.

Inventory:

Hand Weapons
 a - a +0 trident (weapon)
 k - a +2 sling of electrocution
Armour
 b - a +0 scale mail (worn)
 c - a +0 buckler (worn)
Scrolls
 e - a scroll of enchant weapon {unknown}
 f - 2 scrolls of vulnerability
 g - a scroll of blinking {unknown}
 h - a scroll of immolation {unknown}
 i - 3 scrolls of identify
 m - a scroll of magic mapping {unknown}
Potions
 d - 2 potions of might
 l - a potion of curing {unknown}
 n - a potion of attraction {unknown}


   Skills:
 + Level 3.7 Fighting
 + Level 2.6 Polearms
 + Level 3.3 Armour
 + Level 3.3 Shields


You had 3 spell levels left.
You didn't know any spells.
Your spell library was empty.

Dungeon Overview and Level Annotations

Branches:
Dungeon (3/15)

Altars:


Innate Abilities, Weirdness & Mutations

You are surrounded by a moderate repulsion field. (EV +3)
A meltable shield of frost defends you. (SH +4)


Message History

You are too injured to fight recklessly!
You are too injured to fight recklessly!
You are too injured to fight recklessly!
You are too injured to fight recklessly!
You are too injured to fight recklessly!
You are too injured to fight recklessly!
You are too injured to fight recklessly!
You are too injured to fight recklessly!
You are too injured to fight recklessly!
You are too injured to fight recklessly!
As you read the scroll labelled EBAS KIPPUUMECS, it crumbles to dust.
Magic quickly surges around you.
It was a scroll of vulnerability.
The ogre completely misses you.
Okay, then.
Unknown command.
Reach: a) +0 trident
Press: ? - help, Dir - move target, f/p - ogre
Aim: an ogre, wielding a +0 giant club (moderately wounded, weak-willed, about 27% to evade your +0 trident)
Okay, then.
Reach: a) +0 trident
Press: ? - help, Dir - move target, f/p - ogre
Aim: an ogre, wielding a +0 giant club (moderately wounded, weak-willed, about 27% to evade your +0 trident)
Okay, then.
You don't know any spells.
Unknown command.
You don't know any spells.
Unknown command.
Unknown command.
Unknown command.
As you read the scroll labelled ICRIR AMIBUR, it crumbles to dust.
It is a scroll of identify.
j - a scroll of teleportation The ogre misses you.
As you read the scroll of teleportation, it crumbles to dust.
You feel strangely unstable.
You hit the ogre but do no damage.
The ogre is moderately wounded.
The ogre hits you with a +0 giant club!!
Ouch! That really hurt!
You die...

####..#....#
..####.>......
#.......####..
#####....####.
####.#..##..
##.......##.#
#........##.#
#############.........#.#
......gO@.....#######..[#
############### #####


You could see an ogre (weak-willed) and a hobgoblin (weak-willed).

Vanquished Creatures
  5 adders (D:2)
  3 dart slugs
  An endoplasm (D:1)
  5 giant cockroaches
  5 goblins
  6 hobgoblins
  4 kobolds
  2 quokkas
  2 ball pythons (D:2)
  8 bats
  4 frilled lizards
  4 rats
49 creatures vanquished.

Notes
Turn   | Place    | Note
-------+----------+-------------------------------------------
     0 | D:1      | hikkokomori the Demonspawn Fighter began the quest for the
                  | Orb.
     0 | D:1      | Reached XP level 1. HP: 18/18 MP: 1/1
   182 | D:1      | Gained mutation: A meltable shield of frost defends you.
                  | (SH +4) [demonic ancestry]
   182 | D:1      | Reached XP level 2. HP: 24/24 MP: 2/2
   419 | D:1      | Gained mutation: You are surrounded by a mild repulsion
                  | field. (EV +2) [demonic ancestry]
   419 | D:1      | Reached XP level 3. HP: 28/29 MP: 3/3
   899 | D:2      | Gained mutation: You are surrounded by a moderate repulsion
                  | field. (EV +3) [demonic ancestry]
   899 | D:2      | Reached XP level 4. HP: 35/35 MP: 4/4
  1569 | D:3      | Noticed an ogre
  1578 | D:3      | Slain by an ogre

Illustrated notes

Levels and vault maps discovered:
D:1:      wheals_arrival_shading, layout_basic, minmay_tromino_v2
D:2:      layout_rooms, minmay_statues_item, kennysheep_minor_cross,
          roderic_lattice_a, minmay_misc_feat_chi, kennysheep_cross_room
D:3:      layout_rooms, uniq_terence

Skill      XL: |  1  2 |
---------------+-------+-----
Polearms       | 2 |  2.6
Shields        | 3 |  3.3
Armour         | 3 |  3.3
Fighting       | |  3.7

Action                     |  1- 3 |  4- 6 || total
---------------------------+-------+-------++-------
  Melee: Trident           |   104 |    33 ||   137
   Fire: Sling             |    20 |     2 ||    22
    Use: Scroll            |       |     3 ||     3
 Armour: Scale mail        |    36 |     8 ||    44
  Dodge: Dodged            |    37 |    17 ||    54
  Block: Buckler           |    38 |     8 ||    46

Table legend: (Time is in decaauts)
 A = Elapsed time spent in this place.
 B = Non-inter-level travel time spent in this place.
 C = Inter-level travel time spent in this place.
 D = Time resting spent in this place.
 E = Time spent auto-exploring this place.
 F = Levels seen in this place.
 G = Mean time per level.
                   A        B        C        D        E       F      G
               +--------+--------+--------+--------+--------+-----+--------+
         Total |   1621 |   1600 |     21 |      0 |   1281 |   3 |  540.3 |
       Dungeon |   1621 |   1600 |     21 |      0 |   1281 |   3 |  540.3 |
               +--------+--------+--------+--------+--------+-----+--------+

Top non-repeatable levels by time:
     D:2: 842 daAuts
     D:1: 644 daAuts
     D:3: 134 daAuts
